 Dungeon Crawl Stone Soup version 0.30-a0-1114-gd936c97349 (webtiles) character file.

Game seed: 18027856030275277388

391 bande the Chopper (level 6, -3/38 HPs)
             Began as a Gargoyle Fighter on Apr 20, 2023.
             Slain by an ogre
             ... wielding a +0 giant club
              (23 damage)
             ... on level 4 of the Dungeon.
             The game lasted 00:04:49 (3376 turns).

bande the Chopper (Gargoyle Fighter)                Turns: 3376, Time: 00:04:50

Health: -3/38      AC: 14    Str: 20    XL:     6   Next: 80%
Magic:  6/6        EV:  7    Int:  8    God:
Gold:   235        SH:  5    Dex: 11    Spells: 5/5 levels left

rFire   . . .      SeeInvis .    a - +1 war axe
rCold   . . .      Faith    .    c - +1 buckler
rNeg    + . .      Spirit   .    s - +0 chain mail
rPois   ∞          Reflect  .    (no helmet)
rElec   +          Rampage  .    (no cloak)
rCorr   .                        (no gloves)
Will    .....                    (no boots) Stlth
                                 (no amulet)
HPRegen 0.26/turn                (no ring)
MPRegen 0.10/turn                (no ring)

@: no status effects
A: sickness immunity, AC +4, negative energy resistance 1, electricity
resistance, torment resistance 1, petrification resistance
a: no special abilities


You were on level 4 of the Dungeon.
You visited 1 branch of the dungeon, and saw 4 of its levels.
You also visited: Sewer.

You collected 235 gold pieces.

Inventory:

Hand Weapons
 a - a +1 war axe (weapon)
 b - a +0 flail
Armour
 c - a +1 buckler (worn)
 s - a +0 chain mail (worn)
Wands
 n - a wand of mindburst (2)
Scrolls
 l - a scroll of amnesia
 p - a scroll of summoning
 q - a scroll of fog
 r - 3 scrolls of teleportation
Potions
 d - a potion of might
 e - a potion of heal wounds {unknown}
 f - 4 potions of curing
 g - a potion of lignification {unknown}
 h - a potion of mutation {unknown}
 i - a potion of haste {unknown}
 j - a potion of flight {unknown}
 k - a potion of magic {unknown}
 m - a potion of brilliance {unknown}


   Skills:
 + Level 4.2 Fighting
 + Level 4.6 Axes
 + Level 4.5 Armour
 + Level 4.2 Shields
 * Level 1.0 Evocations


You had 5 spell levels left.
You didn't know any spells.
Your spell library contained the following spells:

 Spells                   Type           Power      Damage    Failure   Level
 Beastly Appendage        Tmut           0%         N/A       99%         1
 Lesser Beckoning         Tloc           0%         N/A       99%         2
 Wereblood                Tmut           0%         N/A       99%         2
 Gell's Gravitas          Tloc           0%         N/A       100%        3
 Spider Form              Tmut/Pois      0%         N/A       100%        3
 Teleport Other           Tloc           0%         N/A       100%        3


Dungeon Overview and Level Annotations

Branches:
Dungeon (4/15)              Sewer (visited)
 Temple: D:4-7

Altars:

Shops:
D:3 (


Innate Abilities, Weirdness & Mutations

You are immune to sickness and miasma.
Your stone body is resilient. (AC +4)
You are immune to poison.
You resist negative energy. (rN+)
You are resistant to electric shocks. (rElec)
You are resistant to unholy torment.
You are immune to petrification.


Message History

You barely miss the hobgoblin.
The hobgoblin hits you but does no damage.
You slash the hobgoblin!
You kill the hobgoblin!
No target in view!
You now have 235 gold pieces (gained 5).
A black bear comes into view.
The black bear growls angrily.
A black bear is nearby!
An ogre comes into view. It is wielding a +0 giant club.
The ogre shouts!
You slash the black bear!
The black bear is heavily wounded.
The black bear barely misses you. You block the black bear's attack.
The black bear claws you.
The black bear bites you but does no damage.
The black bear claws you but does no damage. x2
You slash the black bear!
The black bear is almost dead.
The black bear goes berserk!
You hit the black bear.
You kill the black bear!
The ogre barely misses you.
Your Evocations skill increases to level 1!
You barely miss the ogre. You hit the ogre.
The ogre is lightly wounded.
You block the ogre's attack.
You hit the ogre.
The ogre is lightly wounded.
The ogre barely misses you.
You slash the ogre!
The ogre is severely wounded.
The ogre hits you with a +0 giant club!!
Ouch! That really hurt!
You closely miss the ogre.
The ogre is severely wounded.
The ogre hits you with a +0 giant club!!
Ouch! That really hurt!
You die...

........#.............
....(..................
..........†##..........
...........###.........
#.#........# #.........
......#...# #.........
..?...#...# #.........
...##.#...######.##...
.. #@........##.##...
......O..?......##......
##...##.................
.... #......###....)...
... #......##.........
.. ...######.†>...... .
.##.######.........
#.##......#...... ..
#.##......#####..


You could see an ogre.

Vanquished Creatures
  A black bear (D:4)
  A scorpion (D:4)
  An orc priest (D:4)
  A hell rat (Sewer)
  4 gnolls (D:3)
  6 adders
  A worm (D:3)
  5 dart slugs
  6 orcs
  3 ball pythons
  7 bats
  8 endoplasms
  4 giant cockroaches
  7 goblins
  5 hobgoblins
  6 kobolds
  6 quokkas
  4 frilled lizards
  12 rats
88 creatures vanquished.

Notes
Turn   | Place    | Note
-------+----------+-------------------------------------------
     0 | D:1      | bande the Gargoyle Fighter began the quest for the Orb.
     0 | D:1      | Reached XP level 1. HP: 14/14 MP: 1/1
    99 | D:1      | Reached XP level 2. HP: 19/19 MP: 2/2
   575 | D:1      | Reached XP level 3. HP: 23/23 MP: 3/3
  1245 | D:2      | Reached XP level 4. HP: 29/29 MP: 4/4
  1264 | D:2      | Identified the +0 whip "Amiwylam" {distort, Dex+5}
  1355 | D:2      | Found a faded altar of an unknown god.
  1524 | D:3      | Found Sashir's Weapon Emporium.
  1740 | D:3      | Found a glowing drain.
  1751 | Sewer    | Entered a sewer
  1834 | Sewer    | Reached XP level 5. HP: 10/33 MP: 5/5
  2058 | D:3      | Identified the +0 ring mail "Qeguejij" {rElec rPois rF+
                  | Slay+2}
  3020 | D:4      | Reached XP level 6. HP: 11/38 MP: 6/6
  3366 | D:4      | Noticed a black bear
  3371 | D:4      | Killed a black bear
  3372 | D:4      | Reached skill level 1 in Evocations
  3376 | D:4      | Slain by an ogre

Illustrated notes

Levels and vault maps discovered:
D:1:      giann_forest_graveyard, layout_basic, minmay_tetromino_i2
D:2:      layout_rooms, basic_ecumenical_altar
D:3:      layout_basic, cheibrodos_sewer_entry_drain, serial_shops,
          nicolae_shop_window_shopping, amethyst_killhole
D:4:      layout_basic, dreamdust_wishing_well, grunt_ministairs_4

Skill      XL: |  1  2  3  4  5  6 |
---------------+-------------------+-----
Axes           | 2 3 4 |  4.6
Shields        | 4 |  4.2
Armour         | 4 |  4.5
Fighting       | 4 |  4.2
Evocations     | 1 |  1.0

Action                     |  1- 3 |  4- 6 || total
---------------------------+-------+-------++-------
  Melee: War axe           |    97 |   174 ||   271
    Use: Scroll            |       |    11 ||    11
 Armour: Scale mail        |    59 |    56 ||   115
         Chain mail        |       |    40 ||    40
  Dodge: Dodged            |    56 |    76 ||   132
  Block: Buckler           |    15 |    50 ||    65

Table legend: (Time is in decaauts)
 A = Elapsed time spent in this place.
 B = Non-inter-level travel time spent in this place.
 C = Inter-level travel time spent in this place.
 D = Time resting spent in this place.
 E = Time spent auto-exploring this place.
 F = Levels seen in this place.
 G = Mean time per level.
                   A        B        C        D        E       F      G
               +--------+--------+--------+--------+--------+-----+--------+
         Total |   3501 |   3460 |     41 |    537 |   2114 |   5 |  700.2 |
       Dungeon |   3183 |   3142 |     41 |    348 |   2068 |   4 |  795.8 |
         Sewer |    317 |    317 |      0 |    189 |     46 |   1 |  317.0 |
               +--------+--------+--------+--------+--------+-----+--------+

Top non-repeatable levels by time:
     D:3: 1277 daAuts
     D:1: 984 daAuts
     D:2: 516 daAuts
     D:4: 405 daAuts
   Sewer: 317 daAuts
